Connexion

Bruins vs Moose

Created - 3 mars 2024 at 06:30

Goals
1 2 3 OT1 SO T
Bruins 1 1 3 0 1 5
Moose 2 0 3 0 2 6
Shots
1 2 3 OT1 SO T
Bruins 8 10 13 3 4 34
Moose 7 4 12 1 4 24

GoalsPenalties
1st period
1. Bruins , Bryce Kindopp 30 (Reilly Walsh 42, Derek Grant 29) at 6:57
2. Moose , Derrick Pouliot 14 (Jake Virtanen 61, Alex Barre-Boulet 25) at 13:57
3. Moose , Jake Virtanen 60 (Derrick Pouliot 45) at 16:27
Mathieu Olivier (MAN) for Tripping (Minor) at 6:58
Mathieu Olivier (MAN) for Slashing (Minor) at 18:36
2nd period
4. Bruins , Jansen Harkins 22 (Bryce Kindopp 39, Josh Brook 38) at 2:05 (PP)
Derrick Pouliot (MAN) for High sticking (Minor) at 1:29
Cameron Schilling (MAN) for Holding (Minor) at 12:53
3rd period
5. Bruins , Bryce Kindopp 31 (Jansen Harkins 47, Derek Grant 30) at 7:01
6. Moose , Jacob Nilsson 10 (Fredrik Claesson 42, Jake Virtanen 62) at 7:48
7. Bruins , Derek Grant 19 (Josh Brook 39, Michal Kempny 26) at 8:15
8. Bruins , Bryce Kindopp 32 (Josh Brook 40, Michal Kempny 27) at 12:40
9. Moose , Damien Giroux 19 (Nikita Scherbak 31) at 17:33
10. Moose , Jake Virtanen 61 (Pierre Engvall 43, Jacob Nilsson 20) at 19:49
Jake Virtanen (MAN) for Holding (Minor) at 1:54
Overtime #1
No Goal
Shootout
Bruins, Bryce Kindopp - Stopped by Kaden Fulcher
Moose, Jake Virtanen - Stopped by Eric Comrie
Bruins, Derek Grant - Goal!
Moose, Pierre Engvall - Goal!
Bruins, Jansen Harkins - Shot Misses the Net
Moose, Nikita Scherbak - Shot Misses the Net
Bruins, Reid Boucher - Stopped by Kaden Fulcher
Moose, Jacob Nilsson - Goal!
Goalie Stats
Eric Comrie (PRO), 19 saves from 24 shots - (0,792), OTL, 6-9-3, 65:00 minutes
Kaden Fulcher (MAN), 29 saves from 34 shots - (0,853), W, 38-25-4, 64:15 minutes
3 StarsOfficial
1 - Bryce Kindopp (PRO)
2 - Jake Virtanen (MAN)
3 - Derek Grant (PRO)
Referees : Ian Walsh and Paul Devorski
Linesman : Jay Sharrers and Mike Cvik
Game Note
Bryce Kindopp has scored a Hat Trick!
Finance
Level 1 -- Attendance: 1943 (97,15%) -- Ticket Income $68,005
Level 2 -- Attendance: 952 (95,20%) -- Ticket Income $14,280
Total Attendance: 2895 (96,50%)
Total Ticket Income: $82,285
Other Income: $16,457
Total Income: $98,742



Team Name Goals Shots Shots Attemp Shots Blocked PIM HIT PP PK FO%
Bruins 53469120181 / 5 (20%)046%
Moose 624561010210 / 0 (0,00%154%

Bruins
Player Name POS G A P +/- PIM HIT SHT SB MP PP MP PP SHT PK MP PK SHT FO% FOT
Adam MusilC000000000:240:0000:0000% 1
Bryce KindoppRW3143006021:544:0510:0000% 0
Connor ChathamRW000-100004:460:0000:0000% 0
Darren DietzD000-1020016:360:3600:0000% 0
Derek GrantC/LW/RW1233034022:284:0510:000100% 1
Hunter ShinkarukC/LW/RW000-3011121:163:3110:00033% 6
Igor ShvyrevC000-1003016:310:5610:00038% 13
Jakob Forsbacka-KarlssonC000-2015120:073:5100:00048% 29
Jansen HarkinsC1123014023:424:0510:00050% 32
Jesse GrahamD000-1000216:000:0000:0000% 0
Josh BrookD0332002226:334:5910:0000% 0
Julius HonkaD000-2001122:003:1510:0000% 0
Matej StranskyLW/RW000-1031017:260:0000:000100% 1
Michal KempnyD0222043224:005:0120:0000% 0
Reid BoucherC/LW/RW000-2021017:093:5110:0000% 1
Reilly WalshD011-2013219:513:1310:0000% 0
Ryan O'ReillyRW000-1000016:110:3600:0000% 0
Tyler WeissLW000-100018:060:3600:0000% 0
Moose
Player Name POS G A P +/- PIM HIT SHT SB MP PP MP PP SHT PK MP PK SHT FO% FOT
Alec RegulaD000-2000116:000:0000:4600% 0
Alex Barre-BouletC/LW/RW0111002013:250:0000:00060% 15
Cameron SchillingD0000222323:460:0002:5400% 0
Damien GirouxC/LW101-1002121:240:0000:15052% 25
Derrick PouliotD1120201121:180:0002:5800% 0
Filip ChlapikC/LW000-100109:350:0000:00050% 6
Fredrik ClaessonD0113020024:570:0004:3600% 0
Jacob NilssonC/LW1122002015:430:0003:24047% 15
Jake VirtanenRW2244235025:580:0004:02050% 10
Jordan MartinookC/LW000-101009:350:0000:0000% 0
Mathieu OlivierLW/RW000-1461018:590:0000:00050% 2
Nikita ScherbakLW/RW011-1002020:240:0001:23075% 4
Patrick MaroonLW000000113:390:0000:5200% 0
Pierre EngvallLW/RW0111005124:420:0006:17067% 3
Remi ElieLW0001010016:120:0000:51050% 4
Ryan McleodC000-100001:490:0000:0000% 0
Thomas Hickey D0003060122:210:0004:2800% 0
Xavier OuelletD000-2000116:360:0001:2200% 0



Play-by-Play

1st period


0:01 of 1st period - Jacob Nilsson wins face-off versus Jansen Harkins in neutral zone.
0:38 of 1st period - Shot by Pierre Engvall.
0:38 of 1st period - Shot Misses the Net.
0:40 of 1st period - Shot by Thomas Hickey .
0:40 of 1st period - Shot Misses the Net.
0:42 of 1st period - Shot by Pierre Engvall.
0:42 of 1st period - Stopped by Eric Comrie without a rebound.
0:43 of 1st period - Jakob Forsbacka-Karlsson wins face-off versus Damien Giroux in Bruins zone.
0:50 of 1st period - Shot by Reilly Walsh.
0:50 of 1st period - Stopped by Kaden Fulcher with a rebound.
1:04 of 1st period - Shot by Damien Giroux.
1:04 of 1st period - Deflect By Mathieu Olivier.
1:04 of 1st period - Shot Misses the Net.
1:06 of 1st period - Shot by Cameron Schilling.
1:06 of 1st period - Stopped by Eric Comrie without a rebound.
1:07 of 1st period - Alex Barre-Boulet wins face-off versus Igor Shvyrev in Bruins zone.
1:18 of 1st period - Shot by Jake Virtanen.
1:18 of 1st period - Shot Blocked by Jesse Graham.
2:11 of 1st period - Alec Regula is hit by Michal Kempny and loses puck.
2:24 of 1st period - Shot by Connor Chatham.
2:24 of 1st period - Shot Misses the Net.
2:57 of 1st period - Icing by Julius Honka.
2:58 of 1st period - Jansen Harkins wins face-off versus Damien Giroux in Bruins zone.
2:58 of 1st period - Reilly Walsh is hit by Mathieu Olivier and loses puck.
3:07 of 1st period - Nikita Scherbak is hit by Derek Grant and loses puck.
3:18 of 1st period - Shot by Bryce Kindopp.
3:18 of 1st period - Stopped by Kaden Fulcher without a rebound.
3:19 of 1st period - Filip Chlapik wins face-off versus Igor Shvyrev in Moose zone.
3:19 of 1st period - Filip Chlapik is hit by Matej Stransky.
3:44 of 1st period - Igor Shvyrev is hit by Cameron Schilling.
3:47 of 1st period - Icing by Cameron Schilling.
3:48 of 1st period - Jakob Forsbacka-Karlsson wins face-off versus Filip Chlapik in Moose zone.
4:47 of 1st period - Shot by Damien Giroux.
4:47 of 1st period - Shot Blocked by Michal Kempny.
5:11 of 1st period - Shot by Jansen Harkins.
5:11 of 1st period - Shot Misses the Net.
5:13 of 1st period - Shot by Jansen Harkins.
5:13 of 1st period - Shot Misses the Net.
5:15 of 1st period - Shot by Reilly Walsh.
5:15 of 1st period - Stopped by Kaden Fulcher without a rebound.
5:16 of 1st period - Igor Shvyrev wins face-off versus Jacob Nilsson in Moose zone.
5:35 of 1st period - Jacob Nilsson is hit by Matej Stransky.
5:49 of 1st period - Shot by Jake Virtanen.
5:49 of 1st period - Shot Misses the Net.
6:18 of 1st period - Icing by Darren Dietz.
6:19 of 1st period - Igor Shvyrev wins face-off versus Alex Barre-Boulet in Bruins zone.
6:57 of 1st period - Shot by Bryce Kindopp.
6:57 of 1st period - Goal by Bryce Kindopp - Bruins : 1 - Moose : 0.
6:58 of 1st period - Jakob Forsbacka-Karlsson wins face-off versus Mathieu Olivier in neutral zone.
6:58 of 1st period - Minor Penalty to Mathieu Olivier for Tripping.
6:59 of 1st period - Jakob Forsbacka-Karlsson wins face-off versus Jake Virtanen in Moose zone.
7:10 of 1st period - Shot by Michal Kempny.
7:10 of 1st period - Shot Blocked by Thomas Hickey .
7:12 of 1st period - Shot by Josh Brook.
7:12 of 1st period - Deflect By Hunter Shinkaruk.
7:12 of 1st period - Stopped by Kaden Fulcher without a rebound.
7:13 of 1st period - Jansen Harkins wins face-off versus Jake Virtanen in Moose zone.
7:22 of 1st period - Shot by Reilly Walsh.
7:22 of 1st period - Shot Misses the Net.
7:24 of 1st period - Shot by Jansen Harkins.
7:24 of 1st period - Shot Misses the Net.
7:30 of 1st period - Shot by Derek Grant.
7:30 of 1st period - Stopped by Kaden Fulcher without a rebound.
7:31 of 1st period - Jakob Forsbacka-Karlsson wins face-off versus Jake Virtanen in Moose zone.
7:39 of 1st period - Icing by Michal Kempny.
7:40 of 1st period - Jake Virtanen wins face-off versus Jakob Forsbacka-Karlsson in Bruins zone.
8:01 of 1st period - Shot by Reid Boucher.
8:01 of 1st period - Stopped by Kaden Fulcher without a rebound.
8:02 of 1st period - Nikita Scherbak wins face-off versus Jansen Harkins in Moose zone.
8:24 of 1st period - Shot by Julius Honka.
8:24 of 1st period - Stopped by Kaden Fulcher without a rebound.
8:25 of 1st period - Nikita Scherbak wins face-off versus Jakob Forsbacka-Karlsson in Moose zone.
8:25 of 1st period - Derrick Pouliot is hit by Hunter Shinkaruk and loses puck.
10:13 of 1st period - Shot by Alex Barre-Boulet.
10:13 of 1st period - Shot Misses the Net.
11:10 of 1st period - Shot by Pierre Engvall.
11:10 of 1st period - Shot Blocked by Josh Brook.
11:18 of 1st period - Shot by Jordan Martinook.
11:18 of 1st period - Shot Blocked by Michal Kempny.
11:52 of 1st period - Shot by Nikita Scherbak.
11:52 of 1st period - Shot Misses the Net.
12:24 of 1st period - Shot by Jacob Nilsson.
12:24 of 1st period - Stopped by Eric Comrie without a rebound.
12:25 of 1st period - Alex Barre-Boulet wins face-off versus Igor Shvyrev in Bruins zone.
13:25 of 1st period - Shot by Pierre Engvall.
13:25 of 1st period - Stopped by Eric Comrie without a rebound.
13:26 of 1st period - Damien Giroux wins face-off versus Jakob Forsbacka-Karlsson in Bruins zone.
13:44 of 1st period - Off-side.
13:45 of 1st period - Hunter Shinkaruk wins face-off versus Alex Barre-Boulet in neutral zone.
13:55 of 1st period - Shot by Jake Virtanen.
13:55 of 1st period - Shot Misses the Net.
13:57 of 1st period - Shot by Derrick Pouliot.
13:57 of 1st period - Goal by Derrick Pouliot - Bruins : 1 - Moose : 1.
13:58 of 1st period - Jansen Harkins wins face-off versus Damien Giroux in neutral zone.
14:08 of 1st period - Derek Grant is hit by Fredrik Claesson and loses puck.
14:30 of 1st period - Jansen Harkins is hit by Thomas Hickey and loses puck.
14:55 of 1st period - Shot by Cameron Schilling.
14:55 of 1st period - Stopped by Eric Comrie without a rebound.
14:56 of 1st period - Filip Chlapik wins face-off versus Reid Boucher in Bruins zone.
14:59 of 1st period - Shot by Pierre Engvall.
14:59 of 1st period - Deflect By Filip Chlapik.
14:59 of 1st period - Shot Misses the Net.
15:07 of 1st period - Filip Chlapik is hit by Reid Boucher and loses puck.
15:49 of 1st period - Jordan Martinook is hit by Matej Stransky and loses puck.
16:27 of 1st period - Shot by Jake Virtanen.
16:27 of 1st period - Goal by Jake Virtanen - Bruins : 1 - Moose : 2.
16:28 of 1st period - Damien Giroux wins face-off versus Jansen Harkins in neutral zone.
16:42 of 1st period - Icing by Darren Dietz.
16:43 of 1st period - Jansen Harkins wins face-off versus Alex Barre-Boulet in Bruins zone.
17:02 of 1st period - Shot by Derek Grant.
17:02 of 1st period - Shot Misses the Net.
17:06 of 1st period - Shot by Bryce Kindopp.
17:06 of 1st period - Shot Blocked by Cameron Schilling.
18:01 of 1st period - Icing by Reid Boucher.
18:02 of 1st period - Damien Giroux wins face-off versus Jakob Forsbacka-Karlsson in Bruins zone.
18:16 of 1st period - Jakob Forsbacka-Karlsson is hit by Thomas Hickey and loses puck.
18:33 of 1st period - Igor Shvyrev is hit by Mathieu Olivier.
18:36 of 1st period - Minor Penalty to Mathieu Olivier for Slashing.
18:37 of 1st period - Jansen Harkins wins face-off versus Jake Virtanen in Moose zone.
19:27 of 1st period - Icing by Hunter Shinkaruk.
19:28 of 1st period - Jakob Forsbacka-Karlsson wins face-off versus Jake Virtanen in Bruins zone.
19:50 of 1st period - Shot by Josh Brook.
19:50 of 1st period - Shot Misses the Net.
19:52 of 1st period - Shot by Josh Brook.
19:52 of 1st period - Shot Misses the Net.
Goals for this period are 1 for Bruins vs 2 for Moose.
Shots for this period are 8 for Bruins vs 7 for Moose.

2nd period


0:01 of 2nd period - Jake Virtanen wins face-off versus Jansen Harkins in neutral zone.
0:27 of 2nd period - Shot by Michal Kempny.
0:27 of 2nd period - Stopped by Kaden Fulcher without a rebound.
0:28 of 2nd period - Jake Virtanen wins face-off versus Jakob Forsbacka-Karlsson in Moose zone.
1:24 of 2nd period - Off-side.
1:25 of 2nd period - Jacob Nilsson wins face-off versus Jansen Harkins in neutral zone.
1:29 of 2nd period - Minor Penalty to Derrick Pouliot for High sticking.
1:30 of 2nd period - Jake Virtanen wins face-off versus Jansen Harkins in Moose zone.
1:49 of 2nd period - Shot by Michal Kempny.
1:49 of 2nd period - Shot Misses the Net.
1:51 of 2nd period - Shot by Michal Kempny.
1:51 of 2nd period - Shot Blocked by Xavier Ouellet.
1:53 of 2nd period - Shot by Josh Brook.
1:53 of 2nd period - Shot Misses the Net.
1:55 of 2nd period - Shot by Josh Brook.
1:55 of 2nd period - Shot Blocked by Pierre Engvall.
1:57 of 2nd period - Shot by Bryce Kindopp.
1:57 of 2nd period - Stopped by Kaden Fulcher with a rebound.
2:05 of 2nd period - Shot by Jansen Harkins.
2:05 of 2nd period - Goal by Jansen Harkins - Bruins : 2 - Moose : 2.
2:06 of 2nd period - Jakob Forsbacka-Karlsson wins face-off versus Damien Giroux in neutral zone.
2:12 of 2nd period - Jakob Forsbacka-Karlsson is hit by Thomas Hickey and loses puck.
2:39 of 2nd period - Shot by Mathieu Olivier.
2:39 of 2nd period - Stopped by Eric Comrie without a rebound.
2:40 of 2nd period - Jacob Nilsson wins face-off versus Igor Shvyrev in Bruins zone.
3:16 of 2nd period - Icing by Michal Kempny.
3:17 of 2nd period - Damien Giroux wins face-off versus Igor Shvyrev in Bruins zone.
3:31 of 2nd period - Ryan O'Reilly is hit by Thomas Hickey and loses puck.
3:49 of 2nd period - Jansen Harkins is hit by Thomas Hickey and loses puck.
3:54 of 2nd period - Shot by Jansen Harkins.
3:54 of 2nd period - Stopped by Kaden Fulcher without a rebound.
3:55 of 2nd period - Hunter Shinkaruk wins face-off versus Jacob Nilsson in Moose zone.
4:02 of 2nd period - Shot by Jakob Forsbacka-Karlsson.
4:02 of 2nd period - Deflect By Hunter Shinkaruk.
4:02 of 2nd period - Shot Misses the Net.
4:04 of 2nd period - Shot by Darren Dietz.
4:04 of 2nd period - Shot Blocked by Alec Regula.
4:10 of 2nd period - Shot by Jakob Forsbacka-Karlsson.
4:10 of 2nd period - Stopped by Kaden Fulcher without a rebound.
4:11 of 2nd period - Jansen Harkins wins face-off versus Alex Barre-Boulet in Moose zone.
4:44 of 2nd period - Shot by Jake Virtanen.
4:44 of 2nd period - Shot Misses the Net.
4:59 of 2nd period - Icing by Reilly Walsh.
5:00 of 2nd period - Jansen Harkins wins face-off versus Damien Giroux in Bruins zone.
5:00 of 2nd period - Jansen Harkins is hit by Mathieu Olivier.
5:11 of 2nd period - Julius Honka is hit by Thomas Hickey .
5:21 of 2nd period - Thomas Hickey is hit by Reid Boucher and loses puck.
5:32 of 2nd period - Shot by Jakob Forsbacka-Karlsson.
5:32 of 2nd period - Stopped by Kaden Fulcher without a rebound.
5:33 of 2nd period - Matej Stransky wins face-off versus Filip Chlapik in Moose zone.
6:39 of 2nd period - Igor Shvyrev is hit by Jake Virtanen and loses puck.
6:55 of 2nd period - Icing by Remi Elie.
6:56 of 2nd period - Alex Barre-Boulet wins face-off versus Jansen Harkins in Moose zone.
6:56 of 2nd period - Alex Barre-Boulet is hit by Derek Grant.
7:15 of 2nd period - Icing by Derrick Pouliot.
7:16 of 2nd period - Jakob Forsbacka-Karlsson wins face-off versus Alex Barre-Boulet in Moose zone.
7:42 of 2nd period - Shot by Mathieu Olivier.
7:42 of 2nd period - Shot Misses the Net.
9:24 of 2nd period - Shot by Matej Stransky.
9:24 of 2nd period - Shot Blocked by Cameron Schilling.
10:18 of 2nd period - Shot by Nikita Scherbak.
10:18 of 2nd period - Shot Blocked by Reilly Walsh.
10:53 of 2nd period - Icing by Julius Honka.
10:54 of 2nd period - Filip Chlapik wins face-off versus Hunter Shinkaruk in Bruins zone.
11:06 of 2nd period - Shot by Filip Chlapik.
11:06 of 2nd period - Stopped by Eric Comrie without a rebound.
11:07 of 2nd period - Jansen Harkins wins face-off versus Filip Chlapik in Bruins zone.
11:39 of 2nd period - Shot by Pierre Engvall.
11:39 of 2nd period - Deflect By Jordan Martinook.
11:39 of 2nd period - Shot Misses the Net.
11:58 of 2nd period - Derek Grant is hit by Jake Virtanen and loses puck.
12:46 of 2nd period - Derrick Pouliot is hit by Darren Dietz.
12:53 of 2nd period - Minor Penalty to Cameron Schilling for Holding.
12:54 of 2nd period - Nikita Scherbak wins face-off versus Jakob Forsbacka-Karlsson in Moose zone.
14:32 of 2nd period - Shot by Reilly Walsh.
14:32 of 2nd period - Stopped by Kaden Fulcher without a rebound.
14:33 of 2nd period - Jake Virtanen wins face-off versus Jakob Forsbacka-Karlsson in Moose zone.
14:52 of 2nd period - Shot by Igor Shvyrev.
14:52 of 2nd period - Stopped by Kaden Fulcher with a rebound.
14:54 of 2nd period - Shot by Connor Chatham.
14:54 of 2nd period - Shot Misses the Net.
14:56 of 2nd period - Shot by Jesse Graham.
14:56 of 2nd period - Shot Misses the Net.
15:29 of 2nd period - Icing by Thomas Hickey .
15:30 of 2nd period - Jansen Harkins wins face-off versus Damien Giroux in Moose zone.
16:40 of 2nd period - Shot by Matej Stransky.
16:40 of 2nd period - Stopped by Kaden Fulcher with a rebound.
16:42 of 2nd period - Shot by Josh Brook.
16:42 of 2nd period - Stopped by Kaden Fulcher without a rebound.
16:43 of 2nd period - Alex Barre-Boulet wins face-off versus Jakob Forsbacka-Karlsson in Moose zone.
17:12 of 2nd period - Shot by Jake Virtanen.
17:12 of 2nd period - Stopped by Eric Comrie without a rebound.
17:13 of 2nd period - Jacob Nilsson wins face-off versus Igor Shvyrev in Bruins zone.
17:23 of 2nd period - Pierre Engvall is hit by Michal Kempny.
17:45 of 2nd period - Icing by Igor Shvyrev.
17:46 of 2nd period - Igor Shvyrev wins face-off versus Damien Giroux in Bruins zone.
18:00 of 2nd period - Damien Giroux is hit by Michal Kempny.
18:18 of 2nd period - Icing by Cameron Schilling.
18:19 of 2nd period - Damien Giroux wins face-off versus Jansen Harkins in Moose zone.
18:30 of 2nd period - Shot by Nikita Scherbak.
18:30 of 2nd period - Stopped by Eric Comrie without a rebound.
18:31 of 2nd period - Jacob Nilsson wins face-off versus Jakob Forsbacka-Karlsson in Bruins zone.
18:31 of 2nd period - Jake Virtanen is hit by Darren Dietz and loses puck.
19:32 of 2nd period - Shot by Damien Giroux.
19:32 of 2nd period - Shot Blocked by Jakob Forsbacka-Karlsson.
Goals for this period are 1 for Bruins vs 0 for Moose.
Shots for this period are 10 for Bruins vs 4 for Moose.

3rd period


0:01 of 3rd period - Jansen Harkins wins face-off versus Jacob Nilsson in neutral zone.
0:16 of 3rd period - Shot by Derek Grant.
0:16 of 3rd period - Deflect By Bryce Kindopp.
0:16 of 3rd period - Stopped by Kaden Fulcher without a rebound.
0:17 of 3rd period - Damien Giroux wins face-off versus Hunter Shinkaruk in Moose zone.
0:19 of 3rd period - Icing by Nikita Scherbak.
0:20 of 3rd period - Jansen Harkins wins face-off versus Damien Giroux in Moose zone.
0:20 of 3rd period - Jansen Harkins is hit by Cameron Schilling.
0:26 of 3rd period - Shot by Bryce Kindopp.
0:26 of 3rd period - Shot Misses the Net.
0:45 of 3rd period - Icing by Michal Kempny.
0:46 of 3rd period - Jansen Harkins wins face-off versus Jacob Nilsson in Bruins zone.
0:46 of 3rd period - Jansen Harkins is hit by Jake Virtanen.
0:56 of 3rd period - Shot by Pierre Engvall.
0:56 of 3rd period - Stopped by Eric Comrie with a rebound.
1:06 of 3rd period - Shot by Pierre Engvall.
1:06 of 3rd period - Stopped by Eric Comrie without a rebound.
1:07 of 3rd period - Damien Giroux wins face-off versus Jakob Forsbacka-Karlsson in Bruins zone.
1:32 of 3rd period - Shot by Damien Giroux.
1:32 of 3rd period - Shot Misses the Net.
1:34 of 3rd period - Shot by Mathieu Olivier.
1:34 of 3rd period - Shot Blocked by Hunter Shinkaruk.
1:54 of 3rd period - Minor Penalty to Jake Virtanen for Holding.
1:55 of 3rd period - Jansen Harkins wins face-off versus Remi Elie in Moose zone.
2:00 of 3rd period - Shot by Michal Kempny.
2:00 of 3rd period - Stopped by Kaden Fulcher without a rebound.
2:01 of 3rd period - Derek Grant wins face-off versus Remi Elie in Moose zone.
3:11 of 3rd period - Jacob Nilsson is hit by Jakob Forsbacka-Karlsson and loses puck.
3:52 of 3rd period - Shot by Josh Brook.
3:52 of 3rd period - Stopped by Kaden Fulcher with a rebound.
4:12 of 3rd period - Shot by Nikita Scherbak.
4:12 of 3rd period - Stopped by Eric Comrie without a rebound.
4:13 of 3rd period - Alex Barre-Boulet wins face-off versus Hunter Shinkaruk in Bruins zone.
4:32 of 3rd period - Shot by Jake Virtanen.
4:32 of 3rd period - Shot Misses the Net.
4:34 of 3rd period - Shot by Alec Regula.
4:34 of 3rd period - Shot Misses the Net.
4:44 of 3rd period - Shot by Jake Virtanen.
4:44 of 3rd period - Shot Blocked by Jesse Graham.
4:46 of 3rd period - Shot by Alex Barre-Boulet.
4:46 of 3rd period - Stopped by Eric Comrie without a rebound.
4:47 of 3rd period - Mathieu Olivier wins face-off versus Igor Shvyrev in Bruins zone.
4:52 of 3rd period - Shot by Nikita Scherbak.
4:52 of 3rd period - Deflect By Damien Giroux.
4:52 of 3rd period - Shot Blocked by Reilly Walsh.
5:26 of 3rd period - Shot by Damien Giroux.
5:26 of 3rd period - Stopped by Eric Comrie with a rebound.
5:35 of 3rd period - Icing by Matej Stransky.
5:36 of 3rd period - Pierre Engvall wins face-off versus Igor Shvyrev in Bruins zone.
6:00 of 3rd period - Off-side.
6:01 of 3rd period - Alex Barre-Boulet wins face-off versus Jansen Harkins in neutral zone.
6:01 of 3rd period - Alex Barre-Boulet is hit by Derek Grant.
6:17 of 3rd period - Shot by Alex Barre-Boulet.
6:17 of 3rd period - Stopped by Eric Comrie without a rebound.
6:18 of 3rd period - Jakob Forsbacka-Karlsson wins face-off versus Pierre Engvall in Bruins zone.
6:18 of 3rd period - Jakob Forsbacka-Karlsson is hit by Jordan Martinook.
6:35 of 3rd period - Hunter Shinkaruk is hit by Fredrik Claesson and loses puck.
6:51 of 3rd period - Shot by Jakob Forsbacka-Karlsson.
6:51 of 3rd period - Stopped by Kaden Fulcher without a rebound.
6:52 of 3rd period - Damien Giroux wins face-off versus Jansen Harkins in Moose zone.
7:01 of 3rd period - Shot by Bryce Kindopp.
7:01 of 3rd period - Goal by Bryce Kindopp - Bruins : 3 - Moose : 2.
7:02 of 3rd period - Alex Barre-Boulet wins face-off versus Jansen Harkins in neutral zone.
7:21 of 3rd period - Icing by Derek Grant.
7:22 of 3rd period - Jansen Harkins wins face-off versus Damien Giroux in Bruins zone.
7:22 of 3rd period - Jansen Harkins is hit by Mathieu Olivier.
7:30 of 3rd period - Shot by Derek Grant.
7:30 of 3rd period - Stopped by Kaden Fulcher without a rebound.
7:31 of 3rd period - Jacob Nilsson wins face-off versus Jakob Forsbacka-Karlsson in Moose zone.
7:35 of 3rd period - Pierre Engvall is hit by Reilly Walsh and loses puck.
7:48 of 3rd period - Shot by Jacob Nilsson.
7:48 of 3rd period - Goal by Jacob Nilsson - Bruins : 3 - Moose : 3.
7:49 of 3rd period - Damien Giroux wins face-off versus Jansen Harkins in neutral zone.
7:52 of 3rd period - Michal Kempny is hit by Mathieu Olivier and loses puck.
8:09 of 3rd period - Shot by Jansen Harkins.
8:09 of 3rd period - Shot Misses the Net.
8:11 of 3rd period - Shot by Michal Kempny.
8:11 of 3rd period - Stopped by Kaden Fulcher with a rebound.
8:13 of 3rd period - Shot by Josh Brook.
8:13 of 3rd period - Shot Blocked by Derrick Pouliot.
8:15 of 3rd period - Shot by Derek Grant.
8:15 of 3rd period - Goal by Derek Grant - Bruins : 4 - Moose : 3.
8:16 of 3rd period - Pierre Engvall wins face-off versus Jakob Forsbacka-Karlsson in neutral zone.
8:19 of 3rd period - Shot by Jake Virtanen.
8:19 of 3rd period - Deflect By Pierre Engvall.
8:19 of 3rd period - Stopped by Eric Comrie without a rebound.
8:20 of 3rd period - Jakob Forsbacka-Karlsson wins face-off versus Jacob Nilsson in Bruins zone.
8:43 of 3rd period - Shot by Jakob Forsbacka-Karlsson.
8:43 of 3rd period - Stopped by Kaden Fulcher with a rebound.
8:51 of 3rd period - Shot by Hunter Shinkaruk.
8:51 of 3rd period - Shot Misses the Net.
9:50 of 3rd period - Mathieu Olivier is hit by Jansen Harkins and loses puck.
10:00 of 3rd period - Derrick Pouliot is hit by Michal Kempny and loses puck.
10:22 of 3rd period - Igor Shvyrev is hit by Remi Elie and loses puck.
11:23 of 3rd period - Icing by Jesse Graham.
11:24 of 3rd period - Igor Shvyrev wins face-off versus Damien Giroux in Bruins zone.
11:50 of 3rd period - Shot by Mathieu Olivier.
11:50 of 3rd period - Deflect By Damien Giroux.
11:50 of 3rd period - Shot Blocked by Julius Honka.
12:00 of 3rd period - Shot by Reilly Walsh.
12:00 of 3rd period - Shot Misses the Net.
12:02 of 3rd period - Shot by Hunter Shinkaruk.
12:02 of 3rd period - Shot Misses the Net.
12:40 of 3rd period - Shot by Bryce Kindopp.
12:40 of 3rd period - Goal by Bryce Kindopp - Bruins : 5 - Moose : 3.
12:41 of 3rd period - Alex Barre-Boulet wins face-off versus Hunter Shinkaruk in neutral zone.
12:50 of 3rd period - Shot by Jake Virtanen.
12:50 of 3rd period - Shot Blocked by Josh Brook.
12:52 of 3rd period - Shot by Alex Barre-Boulet.
12:52 of 3rd period - Deflect By Jake Virtanen.
12:52 of 3rd period - Stopped by Eric Comrie without a rebound.
12:53 of 3rd period - Jacob Nilsson wins face-off versus Jansen Harkins in Bruins zone.
13:55 of 3rd period - Off-side.
13:56 of 3rd period - Damien Giroux wins face-off versus Jakob Forsbacka-Karlsson in neutral zone.
14:05 of 3rd period - Shot by Mathieu Olivier.
14:05 of 3rd period - Shot Misses the Net.
16:28 of 3rd period - Shot by Reilly Walsh.
16:28 of 3rd period - Shot Misses the Net.
16:56 of 3rd period - Shot by Hunter Shinkaruk.
16:56 of 3rd period - Shot Misses the Net.
17:33 of 3rd period - Shot by Nikita Scherbak.
17:33 of 3rd period - Deflect By Damien Giroux.
17:33 of 3rd period - Goal by Damien Giroux - Bruins : 5 - Moose : 4.
17:34 of 3rd period - Damien Giroux wins face-off versus Jansen Harkins in neutral zone.
17:40 of 3rd period - Icing by Derek Grant.
17:41 of 3rd period - Jansen Harkins wins face-off versus Nikita Scherbak in Bruins zone.
17:51 of 3rd period - Shot by Jansen Harkins.
17:51 of 3rd period - Shot Misses the Net.
17:53 of 3rd period - Shot by Bryce Kindopp.
17:53 of 3rd period - Shot Misses the Net.
17:55 of 3rd period - Shot by Derek Grant.
17:55 of 3rd period - Deflect By Jansen Harkins.
17:55 of 3rd period - Stopped by Kaden Fulcher without a rebound.
17:56 of 3rd period - Igor Shvyrev wins face-off versus Alex Barre-Boulet in Moose zone.
18:15 of 3rd period - Shot by Jake Virtanen.
18:15 of 3rd period - Stopped by Eric Comrie with a rebound.
18:29 of 3rd period - Shot by Igor Shvyrev.
18:29 of 3rd period - Stopped by Kaden Fulcher with a rebound.
18:31 of 3rd period - Shot by Igor Shvyrev.
18:31 of 3rd period - Stopped by Kaden Fulcher without a rebound.
18:32 of 3rd period - Damien Giroux wins face-off versus Jansen Harkins in Moose zone.
18:37 of 3rd period - Jansen Harkins is hit by Mathieu Olivier and loses puck.
18:48 of 3rd period - Shot by Damien Giroux.
18:48 of 3rd period - Shot Misses the Net.
19:04 of 3rd period - Moose, Kaden Fulcher is pulled from the net.
19:25 of 3rd period - Icing by Michal Kempny.
19:26 of 3rd period - Jansen Harkins wins face-off versus Jacob Nilsson in Bruins zone.
19:45 of 3rd period - Shot by Jake Virtanen.
19:45 of 3rd period - Shot Misses the Net.
19:47 of 3rd period - Shot by Pierre Engvall.
19:47 of 3rd period - Shot Misses the Net.
19:49 of 3rd period - Shot by Jake Virtanen.
19:49 of 3rd period - Goal by Jake Virtanen - Bruins : 5 - Moose : 5.
19:49 of 3rd period - Kaden Fulcher from Moose was sent back in the game.
19:50 of 3rd period - Alex Barre-Boulet wins face-off versus Jakob Forsbacka-Karlsson in neutral zone.
Goals for this period are 3 for Bruins vs 3 for Moose.
Shots for this period are 13 for Bruins vs 12 for Moose.

Overtime #1


0:01 of 1st overtime period - Jakob Forsbacka-Karlsson wins face-off versus Jacob Nilsson in neutral zone.
0:31 of 1st overtime period - Shot by Patrick Maroon.
0:31 of 1st overtime period - Shot Misses the Net.
0:35 of 1st overtime period - Shot by Patrick Maroon.
0:35 of 1st overtime period - Stopped by Eric Comrie without a rebound.
0:36 of 1st overtime period - Jakob Forsbacka-Karlsson wins face-off versus Jacob Nilsson in Bruins zone.
0:57 of 1st overtime period - Shot by Tyler Weiss.
0:57 of 1st overtime period - Shot Blocked by Patrick Maroon.
1:22 of 1st overtime period - Icing by Jansen Harkins.
1:23 of 1st overtime period - Damien Giroux wins face-off versus Jansen Harkins in Bruins zone.
1:43 of 1st overtime period - Shot by Jansen Harkins.
1:43 of 1st overtime period - Stopped by Kaden Fulcher without a rebound.
1:44 of 1st overtime period - Remi Elie wins face-off versus Jakob Forsbacka-Karlsson in Moose zone.
2:04 of 1st overtime period - Shot by Jakob Forsbacka-Karlsson.
2:04 of 1st overtime period - Stopped by Kaden Fulcher without a rebound.
2:05 of 1st overtime period - Jakob Forsbacka-Karlsson wins face-off versus Damien Giroux in Moose zone.
2:30 of 1st overtime period - Shot by Matej Stransky.
2:30 of 1st overtime period - Shot Misses the Net.
2:32 of 1st overtime period - Shot by Julius Honka.
2:32 of 1st overtime period - Shot Blocked by Damien Giroux.
3:09 of 1st overtime period - Shot by Jacob Nilsson.
3:09 of 1st overtime period - Shot Misses the Net.
3:36 of 1st overtime period - Off-side.
3:37 of 1st overtime period - Jakob Forsbacka-Karlsson wins face-off versus Damien Giroux in neutral zone.
4:02 of 1st overtime period - Shot by Matej Stransky.
4:02 of 1st overtime period - Shot Misses the Net.
4:04 of 1st overtime period - Shot by Matej Stransky.
4:04 of 1st overtime period - Shot Blocked by Cameron Schilling.
4:33 of 1st overtime period - Shot by Jansen Harkins.
4:33 of 1st overtime period - Shot Misses the Net.
4:35 of 1st overtime period - Shot by Derek Grant.
4:35 of 1st overtime period - Stopped by Kaden Fulcher without a rebound.
4:36 of 1st overtime period - Remi Elie wins face-off versus Adam Musil in Moose zone.
4:49 of 1st overtime period - Shot by Jacob Nilsson.
4:49 of 1st overtime period - Deflect By Remi Elie.
4:49 of 1st overtime period - Shot Blocked by Tyler Weiss.
Goals for this period are 0 for Bruins vs 0 for Moose.
Shots for this period are 3 for Bruins vs 1 for Moose.

ShootOut


5:00 of 1st overtime period - Round #1.
5:00 of 1st overtime period - Bruins, Bryce Kindopp.
5:00 of 1st overtime period - Stopped by Kaden Fulcher.
5:00 of 1st overtime period - Moose, Jake Virtanen.
5:00 of 1st overtime period - Stopped by Eric Comrie.
5:00 of 1st overtime period - Round #2.
5:00 of 1st overtime period - Bruins, Derek Grant.
5:00 of 1st overtime period - Goal by Derek Grant.
5:00 of 1st overtime period - Moose, Pierre Engvall.
5:00 of 1st overtime period - Goal by Pierre Engvall.
5:00 of 1st overtime period - Round #3.
5:00 of 1st overtime period - Bruins, Jansen Harkins.
5:00 of 1st overtime period - Shot Misses the Net.
5:00 of 1st overtime period - Moose, Nikita Scherbak.
5:00 of 1st overtime period - Shot Misses the Net.
5:00 of 1st overtime period - Round #4.
5:00 of 1st overtime period - Bruins, Reid Boucher.
5:00 of 1st overtime period - Stopped by Kaden Fulcher.
5:00 of 1st overtime period - Moose, Jacob Nilsson.
5:00 of 1st overtime period - Goal by Jacob Nilsson.